 Dungeon Crawl Stone Soup version 0.31.0-9-g3a7656b989 (webtiles) character file.

Game seed: 9757009341140301324

53 qw the Shooter (level 3, -4/18 HPs)
             Began as a Spriggan Hunter on Feb 2, 2024.
             Slain by a cerulean imp
             ... wielding a +1 spear
             ... summoned by Natasha
              (5 damage)
             ... on level 2 of the Dungeon.
             The game lasted 00:00:03 (1212 turns).

qw the Shooter (Spriggan Hunter)                    Turns: 1212, Time: 00:00:04

Health: -4/18      AC:  2    Str:  7    XL:     3   Next: 64%
Magic:  4/4        EV: 19    Int: 10    God:
Gold:   78         SH:  0    Dex: 20    Spells: 2/2 levels left

rFire   . . .        a - +0 shortbow
rCold   . . .        (shield currently unavailable)
rNeg    . . .        c - +0 robe
rPois   .            (helmet restricted)
rElec   .            (no cloak)
rCorr   .            (gloves unavailable)
SInv    +            (boots unavailable)
Will    .....        (no amulet)
Stlth   ++           (no ring)
HPRegen 0.23/turn    (no ring)
MPRegen 0.09/turn

%: no passive effects
@: very quick
A: very small, no large weapons, unfitting armour, see invisible, speed 3
a: no special abilities


You were on level 2 of the Dungeon.
You visited 1 branch of the dungeon, and saw 2 of its levels.

You collected 78 gold pieces.


Innate Abilities, Weirdness & Mutations

You are very small and have problems with some larger weapons.
You are too small for most types of armour.
You have supernaturally acute eyesight. (SInv)
You cover ground extremely quickly. (Speed+++)


   Skills:
 - Level 1.5 Fighting
 + Level 4.9 Ranged Weapons
 - Level 4.0 Dodging
 - Level 1.5 Stealth


You had 2 spell levels left.
You didn't know any spells.
Your spell library was empty.

Inventory:

Hand Weapons
 a - a +0 shortbow (weapon)
Armour
 c - a +0 robe (worn)
Scrolls
 d - 2 scrolls of poison {unknown}
 f - a scroll of immolation {unknown}
 h - 2 scrolls of identify
Potions
 b - a potion of curing {unknown}
 e - a potion of invisibility {unknown}
 g - 2 potions of enlightenment {unknown}
 i - a potion of degeneration {unknown}

Dungeon Overview and Level Annotations

Branches:
Dungeon (2/15)

Altars:

Shops:
D:1 ?   D:2 *

Annotations:
D:2 1 runed translucent door, Crazy Yiuf, Natasha


Message History

The arrow completely misses the frilled lizard.
The frilled lizard misses you.
You shoot an arrow. The arrow hits the frilled lizard.
You kill the frilled lizard!
You start resting.
HP restored.
Natasha, Servant of Life and Death comes into view.
You see here a frilled lizard corpse.
You shoot an arrow. The arrow hits Natasha.
Natasha hisses angrily.
Natasha is moderately wounded.
You shoot an arrow. The arrow closely misses Natasha.
Natasha casts a spell at you. The magic dart hits you.
1200 ||| FLEEEEING.
You start resting.
Natasha is nearby!
You shoot an arrow. The arrow closely misses Natasha.
You shoot an arrow. The arrow hits Natasha.
Natasha is severely wounded.
Natasha misses you.
You shoot an arrow. The arrow closely misses Natasha.
Natasha misses you.
Natasha stares at you and mumbles some strange words.
You resist with some effort.
You shoot an arrow. The arrow barely misses Natasha.
Natasha mumbles some strange words.
You shoot an arrow. The arrow barely misses Natasha.
Natasha misses you. The cerulean imp misses you.
You shoot an arrow. The arrow closely misses Natasha.
Natasha barely misses you.
The cerulean imp hits you with a +1 spear.
You shoot an arrow. The arrow barely misses Natasha.
Natasha misses you. The cerulean imp misses you.
You shoot an arrow. The arrow closely misses Natasha.
Natasha claws you! The cerulean imp misses you.
You shoot an arrow. The arrow closely misses Natasha.
Natasha claws you.
The cerulean imp hits you with a +1 spear.
You die...

.# h# .. .# ###### .#
### ....# .#... #
#..# ###..###.# #.
####..###@h.......
#..#.......5.#..###.#
#..#.##..####......#
#........# ....###
#.##.##%## |..##
#.......# #.##
####.#### .# ###...##
.# ## #....#.# +# ..


You could see Natasha and a cerulean imp (summoned).

Vanquished Creatures
  2 adders (D:2)
  A dart slug (D:1)
  7 endoplasms
  A giant cockroach (D:2)
  A goblin (D:1)
  2 hobgoblins
  2 quokkas (D:1)
  2 ball pythons
  3 bats (D:1)
  4 frilled lizards
  3 kobolds
  6 rats
34 creatures vanquished.

Notes
Turn   | Place    | Note
-------+----------+-------------------------------------------
     0 | D:1      | qw the Spriggan Hunter began the quest for the Orb.
     0 | D:1      | Reached XP level 1. HP: 10/10 MP: 2/2
     0 | D:1      | 0 ||| qw: Version: 0.3-a-155-g5e7d8dd
     0 | D:1      | 0 ||| qw: Game counter: 87
     0 | D:1      | 0 ||| qw: Melee chars always use a shield: true
     0 | D:1      | 0 ||| qw: God list: Okawaru
     0 | D:1      | 0 ||| qw: Allow faded altars: false
     0 | D:1      | 0 ||| qw: Do Orc after clearing Dungeon:15 true
     0 | D:1      | 0 ||| qw: Do second Lair branch before Depths: true
     0 | D:1      | 0 ||| qw: Lair rune preference: random
     0 | D:1      | 0 ||| qw: Goals: Normal
     0 | D:1      | 0 ||| PLANNING D:1-11
    42 | D:1      | Reached skill level 3 in Dodging
    86 | D:1      | Found Nuajuyvo's Magic Scroll Shoppe.
    89 | D:1      | 89 ||| SHOPLISTING scroll of enchant weapon (97 gold, have
                  | 12).
    89 | D:1      | 89 ||| SHOPLISTING scroll of identify (26 gold, have 12).
    89 | D:1      | 89 ||| SHOPLISTING scroll of teleportation (39 gold, have
                  | 12).
   181 | D:1      | Reached XP level 2. HP: 14/14 MP: 3/3
   195 | D:1      | Found a faded altar of an unknown god.
   677 | D:1      | 677 ||| READING scroll labelled REUGYS MAVA.
   680 | D:1      | 680 ||| READING scroll labelled IFU BAHOEFUAWO.
   681 | D:1      | 681 ||| READING scroll labelled HUM TEILEPRUA.
   682 | D:1      | 682 ||| READING 2 scrolls labelled XEMEIQ COVYNEA.
   682 | D:1      | 682 ||| IDENTIFYING smoky ruby potion
   683 | D:1      | 683 ||| DROPPING scroll of butterflies.
   684 | D:1      | 684 ||| DROPPING potion of brilliance.
   756 | D:2      | Found Pighias's General Store.
   760 | D:2      | Reached XP level 3. HP: 18/18 MP: 4/4
   875 | D:2      | Found a runed translucent door.
   876 | D:2      | Noticed Crazy Yiuf
  1197 | D:2      | Noticed Natasha
  1200 | D:2      | 1200 ||| FLEEEEING.
  1212 | D:2      | HP: 1/18 [Natasha (5)]
  1212 | D:2      | Slain by a cerulean imp

Levels and vault maps discovered:
D:1:      minmay_arrival_open_corners, layout_loops_ring,
          chequers_ecumenical_altar_simple, serial_shops, nicolae_shop_rolled_up
D:2:      layout_loops_corners, serial_shops, nicolae_shop_getting_attention,
          uniq_terence, uniq_natasha, uniq_crazy_yiuf_cottage

Skill      XL: |  1  2 |
---------------+-------+-----
Dodging        | 3 4 |  4.0
Fighting       | |  1.5
Ranged Weapons | |  4.9
Stealth        | |  1.5

Action                     || total
---------------------------++-------
   Fire: Shortbow          ||   104
    Use: Scroll            ||     4
 Armour: Robe              ||    19
  Dodge: Dodged            ||    42

Table legend:
 A = Non-vault XP
 B = Vault XP
 C = Vault XP percentage of total XP
 D = Non-vault monster count
 E = Vault monster count
 F = Vault count percentage of total count
                 A         B        C        D         E       F
            +---------+---------+-------+---------+---------+-------
      Total |      77 |       0 |   0.0 |      34 |       0 |   0.0
            +---------+---------+-------+---------+---------+-------
        D:1 |      39 |       0 |   0.0 |      24 |       0 |   0.0
        D:2 |      38 |       0 |   0.0 |      10 |       0 |   0.0
            +---------+---------+-------+---------+---------+-------
